[Event "Turkish Cup 2024"]
[Site "Denizli"]
[Date "2024.07.30"]
[Round "1"]
[White "Ozcan, Abdulkadir"]
[Black "Yildiz, Serdar Murat"]
[Result "0-1"]
[ECO "B49"]
[WhiteElo "1573"]
[BlackElo "2182"]
[Annotator "RC"]
[PlyCount "86"]
[EventDate "2024.08.01"]
[EventType "swiss"]
[EventCountry "TUR"]
[SourceTitle "playchess.com"]
[Source "ChessBase"]
[SourceQuality "1"]
[TimeControl "5400+30"]

1. e4 c5 2. Nf3 e6 3. d4 cxd4 4. Nxd4 Nc6 5. Nc3 Qc7 6. Be3 a6 7. a3 b5 8. Be2 Bb7 9. O-O Nf6 10. Nb3 Ne5 11. f3 d5 12. exd5 Nxd5 13. Nxd5 Bxd5 14. a4 Nc4 15. Bc1 b4 16. a5 Bd6 17. f4 O-O 18. Kh1 Rad8 19. Qe1 f5 20. Bf3 Bxf3 21. Rxf3 e5 22. Be3 Rde8 23. Qf2 e4 24. Bb6 Qb8 25. Rh3 Bxf4 26. Qh4 h6 27. Nc5 Bg5 28. Qe1 Ne5 29. Qxb4 e3 30. Nxa6 Qc8 31. Nc5 f4 32. Ne4 Qxc2 33. Nxg5 hxg5 34. Bxe3 fxe3 35. Rxe3 Nd3 36. Qd4 Rd8 37. Qc3 Nf2+ 38. Kg1 Qxc3 39. Rxc3 Ne4 40. Rc2 Ra8 41. b4 Rfb8 42. Rc4 Nd2 43. Rd1 Nxc4 0-1

[Event "Turkish Cup 2024"]
[Site "Denizli"]
[Date "2024.07.30"]
[Round "1"]
[White "Karayilan, Mehmet Yakup"]
[Black "Tirpan, Ceren"]
[Result "0-1"]
[ECO "A45"]
[WhiteElo "1567"]
[BlackElo "1926"]
[Annotator "ChessBase"]
[PlyCount "112"]
[EventDate "2024.08.01"]
[EventType "swiss"]
[EventCountry "TUR"]
[SourceTitle "playchess.com"]
[Source "ChessBase"]
[SourceQuality "1"]
[TimeControl "5400+30"]

1. d4 Nf6 2. Bf4 d6 3. Nd2 g6 4. e4 Bg7 5. Ngf3 Nbd7 6. Bd3 Nh5 7. Be3 e5 8. c3 Qe7 9. Nf1 O-O 10. Ng3 Nf4 11. Bxf4 exf4 12. Ne2 Nf6 13. Qc2 Re8 14. O-O Nh5 15. h3 Bd7 16. Rfe1 g5 17. e5 h6 18. exd6 Qxd6 19. Rad1 Re7 20. Qd2 Rae8 21. Nc1 Bc6 22. Rxe7 Rxe7 23. Be2 Nf6 24. Nd3 b6 25. Nde5 Bb7 26. Qc2 Be4 27. Bd3 Bxd3 28. Qxd3 Nd7 29. Nxd7 Qxd7 30. Kf1 Qd5 31. c4 Qe4 32. b3 Qxd3+ 33. Rxd3 f5 34. d5 Re4 35. Nd2 Re7 36. b4 Kf7 37. c5 g4 38. Nc4 b5 39. Na5 Rd7 40. Nc6 Kf6 41. Nxa7 Ke5 42. Nxb5 Rxd5 43. Ke2 Rxd3 44. Kxd3 f3 45. hxg4 fxg2 46. Nd4 fxg4 47. Ne2 h5 48. b5 h4 49. b6 cxb6 50. cxb6 Kd6 51. a4 h3 52. a5 h2 53. a6 h1=Q 54. a7 Qd1+ 55. Ke3 Bh6+ 56. Nf4 Qf3+ 0-1

[Event "Turkish Cup 2024"]
[Site "Denizli"]
[Date "2024.07.30"]
[Round "1"]
[White "Yurdamli, Tahsin"]
[Black "Gunduz, Umut Erdem"]
[Result "0-1"]
[ECO "A08"]
[WhiteElo "1557"]
[BlackElo "2276"]
[Annotator "RC"]
[PlyCount "56"]
[EventDate "2024.08.01"]
[EventType "swiss"]
[EventCountry "TUR"]
[SourceTitle "playchess.com"]
[Source "ChessBase"]
[SourceQuality "1"]
[TimeControl "5400+30"]

1. Nf3 c5 2. g3 d5 3. Bg2 Nc6 4. b3 e5 5. d3 Bd6 6. Bb2 Nge7 7. O-O f6 8. Nbd2 Be6 9. Re1 g5 10. e4 d4 11. Nc4 Bc7 12. Nfd2 h5 13. a3 b5 14. Qe2 bxc4 15. Nxc4 Ng6 16. Rad1 Qd7 17. Bc1 h4 18. Bh1 O-O-O 19. Bd2 Rdg8 20. c3 Nf4 21. Bxf4 gxf4 22. b4 hxg3 23. fxg3 dxc3 24. bxc5 Qd4+ 25. Qf2 Rxg3+ 26. hxg3 Rxh1+ 27. Kxh1 Qxf2 28. gxf4 Bg4 0-1

[Event "Turkish Cup 2024"]
[Site "Denizli"]
[Date "2024.07.30"]
[Round "1"]
[White "Bugdayci, Yuksel"]
[Black "Yilmaz, Turhan"]
[Result "0-1"]
[ECO "C22"]
[WhiteElo "1555"]
[BlackElo "2015"]
[Annotator "RC"]
[PlyCount "112"]
[EventDate "2024.08.01"]
[EventType "swiss"]
[EventCountry "TUR"]
[SourceTitle "playchess.com"]
[Source "ChessBase"]
[SourceQuality "1"]
[TimeControl "5400+30"]

1. e4 e5 2. d4 exd4 3. Qxd4 Nc6 4. Qe3 Nf6 5. Bd2 b6 6. Nc3 Bc5 7. Qg3 O-O 8. O-O-O d6 9. Bg5 Nh5 10. Qh4 f6 11. Qxh5 fxg5 12. Bc4+ Kh8 13. f3 Ne5 14. Bb3 Be3+ 15. Kb1 g4 16. Qxe5 dxe5 17. Rxd8 Rxd8 18. fxg4 Bxg4 19. h3 Rf8 20. Bc4 Be6 21. Bd3 Bxg1 22. Rxg1 c6 23. b3 Rf6 24. Nd1 Rg6 25. g4 Rf8 26. Rg3 Rgf6 27. Be2 Rf4 28. Nc3 Rd8 29. Kc1 Rf2 30. Re3 Rh2 31. Nd1 Rh1 32. c3 Kg8 33. Kc2 Rh2 34. Kc1 Kf7 35. Rf3+ Kg6 36. Nf2 Kg5 37. Bf1 Rd7 38. Nd3 Rf7 39. Nxe5 Rf6 40. Rxf6 Kxf6 41. Nf3 Rxa2 42. g5+ Ke7 43. Nd2 Kd6 44. h4 Ra1+ 45. Kb2 Rd1 46. Kc2 Bxb3+ 47. Nxb3 Rxf1 48. Nd4 g6 49. h5 Rh1 50. hxg6 hxg6 51. Kd3 a5 52. e5+ Kd7 53. e6+ Kd6 54. e7 Re1 55. c4 Rxe7 56. c5+ Kxc5 0-1

[Event "Turkish Cup 2024"]
[Site "Denizli"]
[Date "2024.07.30"]
[Round "1"]
[White "Yondem, Suleyman Burak"]
[Black "Demirag, Batuhan"]
[Result "1/2-1/2"]
[ECO "B40"]
[WhiteElo "1555"]
[BlackElo "1912"]
[Annotator "ChessBase"]
[PlyCount "68"]
[EventDate "2024.08.01"]
[EventType "swiss"]
[EventCountry "TUR"]
[SourceTitle "playchess.com"]
[Source "ChessBase"]
[SourceQuality "1"]
[TimeControl "5400+30"]

1. e4 c5 2. Nf3 e6 3. b3 b6 4. Bb2 Bb7 5. Nc3 d6 6. Bb5+ Nd7 7. O-O a6 8. Bxd7+ Qxd7 9. d4 Nf6 10. dxc5 bxc5 11. Re1 Be7 12. e5 dxe5 13. Qxd7+ Nxd7 14. Nxe5 Nxe5 15. Rxe5 O-O 16. Rd1 Rfd8 17. Ree1 h5 18. Ba3 Bc6 19. Rxd8+ Rxd8 20. Rd1 Rb8 21. Ne2 Kf8 22. Nf4 g6 23. Nd3 Rd8 24. Re1 Rd5 25. Re5 Rxe5 26. Nxe5 Be4 27. Nd3 Bxd3 28. cxd3 Ke8 29. Kf1 Kd7 30. Ke2 Bd6 31. h3 Kc6 32. Bb2 Kd5 33. Ke3 f5 34. g4 fxg4 1/2-1/2

[Event "Turkish Cup 2024"]
[Site "Denizli"]
[Date "2024.07.30"]
[Round "1"]
[White "Kaval, Zeynep Ruya"]
[Black "Demirci, Fatih"]
[Result "0-1"]
[ECO "A00"]
[WhiteElo "1552"]
[BlackElo "1885"]
[Annotator "NA"]
[PlyCount "154"]
[EventDate "2024.08.01"]
[EventType "swiss"]
[EventCountry "TUR"]
[SourceTitle "playchess.com"]
[Source "ChessBase"]
[SourceQuality "1"]
[TimeControl "5400+30"]

1. d3 d5 2. g3 Nf6 3. Bg2 Bg4 4. Nc3 c6 5. Bd2 e5 6. f3 Bh5 7. e4 dxe4 8. dxe4 Bc5 9. Qe2 Nbd7 10. Be3 Qb6 11. Nd1 Rd8 12. g4 Bg6 13. Nh3 Nf8 14. Nhf2 Ne6 15. Nd3 Bxe3 16. Qxe3 Nf4 17. Bf1 Qa5+ 18. Nc3 Ne6 19. Be2 Nd7 20. O-O f6 21. Bd1 Qb6 22. Qxb6 Nxb6 23. b3 Ke7 24. Ne2 Nd7 25. Kf2 h5 26. h3 hxg4 27. hxg4 Rh2+ 28. Ke3 a5 29. a4 Rdh8 30. Nf2 Ndc5 31. c3 Ng5 32. Bc2 Nh3 33. Nxh3 R2xh3 34. Rad1 Bf7 35. Rb1 Be6 36. Rg1 Bc8 37. g5 Ne6 38. gxf6+ gxf6 39. Rbf1 Ng5 40. Rf2 Be6 41. Rgf1 Rd8 42. c4 Rb8 43. Nc3 Bf7 44. Bd1 Ne6 45. Rg1 Rh7 46. Rfg2 Rhh8 47. Rd2 Rh4 48. Rdg2 Rd8 49. Rd2 Rd4 50. Ne2 Rxd2 51. Kxd2 Ng5 52. Ke3 Kd6 53. Ng3 Kc5 54. Rg2 Be6 55. Kd3 Rh8 56. Kc3 Rh3 57. Kd3 Kb4 58. Kc2 Rh4 59. Kd3 Rh3 60. Ke3 Rh8 61. Rd2 Kc5 62. Rg2 Rg8 63. Nh5 Nh7 64. Rg7 Rxg7 65. Nxg7 Bf7 66. Nf5 Ng5 67. Nh6 Be6 68. f4 exf4+ 69. Kxf4 Kd4 70. Bc2 Kc3 71. Bb1 Kb2 72. Bd3 Kxb3 73. e5 Nh3+ 74. Ke4 Nf2+ 75. Ke3 Nxd3 76. Kxd3 Bxc4+ 77. Kd4 fxe5+ 0-1

[Event "Turkish Cup 2024"]
[Site "Denizli"]
[Date "2024.07.30"]
[Round "1"]
[White "Akin, Mustafa Mirac"]
[Black "Yardimci, Can"]
[Result "0-1"]
[ECO "B22"]
[WhiteElo "1551"]
[BlackElo "1930"]
[Annotator "ChessBase"]
[PlyCount "57"]
[EventDate "2024.08.01"]
[EventType "swiss"]
[EventCountry "TUR"]
[SourceTitle "playchess.com"]
[Source "ChessBase"]
[SourceQuality "1"]
[TimeControl "5400+30"]

1. e4 c5 2. c3 Nf6 3. e5 Nd5 4. Nf3 Nc6 5. d4 cxd4 6. cxd4 d6 7. Bc4 dxe5 8. Qb3 e6 9. Nxe5 Nxd4 10. Bb5+ Bd7 11. Bxd7+ Qxd7 12. Qc4 Qc7 13. Qxc7 Nxc7 14. Kd1 f6 15. Nd3 O-O-O 16. Be3 e5 17. Nc3 Nce6 18. Rc1 Kb8 19. f3 Nxf3 20. gxf3 Rxd3+ 21. Ke2 Rd8 22. Rhd1 Bc5 23. Bxc5 Nxc5 24. Nd5 Ne6 25. Ke3 Rd7 26. Nc3 Rhd8 27. Rxd7 Rxd7 28. Ke4 a6 29. Nd5 0-1

[Event "Turkish Cup 2024"]
[Site "Denizli"]
[Date "2024.07.30"]
[Round "1"]
[White "Biyikoglu, Muhammet Ali"]
[Black "Akbas, Kaan"]
[Result "0-1"]
[ECO "D02"]
[WhiteElo "1542"]
[BlackElo "1990"]
[Annotator "RC"]
[PlyCount "60"]
[EventDate "2024.08.01"]
[EventType "swiss"]
[EventCountry "TUR"]
[SourceTitle "playchess.com"]
[Source "ChessBase"]
[SourceQuality "1"]
[TimeControl "5400+30"]

1. d4 Nf6 2. Nf3 d5 3. Bf4 c5 4. e3 Nc6 5. c3 Qb6 6. Qc2 Bf5 7. Qb3 c4 8. Qxb6 axb6 9. Nbd2 b5 10. Be2 h6 11. Ne5 e6 12. f3 b4 13. O-O Nh5 14. Bg3 Nxg3 15. hxg3 Nxe5 16. dxe5 Bc5 17. Kf2 Kd7 18. Rfc1 bxc3 19. bxc3 Ba3 20. Rf1 Bb2 21. e4 Bxa1 22. Rxa1 Bg6 23. a4 Ra6 24. Bd1 b5 25. Rb1 bxa4 26. Rb5 a3 27. exd5 a2 28. Nxc4 a1=Q 29. Rb7+ Kc8 30. Nd6+ Rxd6 0-1

[Event "Turkish Cup 2024"]
[Site "Denizli"]
[Date "2024.07.30"]
[Round "1"]
[White "Tekaslan, Yusuf Batu"]
[Black "Sezis, Doruk"]
[Result "0-1"]
[ECO "D02"]
[WhiteElo "1513"]
[BlackElo "1932"]
[Annotator "ChessBase"]
[PlyCount "54"]
[EventDate "2024.08.01"]
[EventType "swiss"]
[EventCountry "TUR"]
[SourceTitle "playchess.com"]
[Source "ChessBase"]
[SourceQuality "1"]
[TimeControl "5400+30"]

1. d4 Nf6 2. Nf3 e6 3. Bf4 c5 4. e3 d5 5. c3 Bd6 6. Bg3 Nc6 7. Bd3 O-O 8. Nbd2 b6 9. Bb5 Ne7 10. Bxd6 Qxd6 11. Ne5 a6 12. Bd3 Nd7 13. Nxd7 Bxd7 14. Qh5 f5 15. Nf3 Nc6 16. g4 g6 17. Qh6 fxg4 18. Bxg6 Qe7 19. Nh4 hxg6 20. Nxg6 Qf6 21. Nxf8 Qxh6 22. Nxd7 cxd4 23. exd4 Rd8 24. Nxb6 e5 25. Rg1 exd4 26. Rxg4+ Kf7 27. cxd4 Nb4 0-1

[Event "Turkish Cup 2024"]
[Site "Denizli"]
[Date "2024.07.31"]
[Round "2"]
[White "Gunduz, Umut Erdem"]
[Black "Sanan, Demirhan"]
[Result "1-0"]
[ECO "B20"]
[WhiteElo "2276"]
[BlackElo "1803"]
[Annotator "RC"]
[PlyCount "79"]
[EventDate "2024.08.01"]
[EventType "swiss"]
[EventCountry "TUR"]
[SourceTitle "playchess.com"]
[Source "ChessBase"]
[SourceQuality "1"]
[TimeControl "5400+30"]

1. e4 c5 2. b4 cxb4 3. a3 e6 4. axb4 Bxb4 5. Bb2 Nf6 6. e5 Nd5 7. Qg4 O-O 8. Nf3 Be7 9. c4 Nb4 10. Na3 f5 11. Qg3 b6 12. Be2 Bb7 13. O-O N8a6 14. Bc3 Nc7 15. Nd4 Nc6 16. Ndb5 Ne8 17. Rfb1 Rf7 18. Bh5 g6 19. Bd1 f4 20. Qd3 Bc5 21. Bf3 Qh4 22. Qe2 a6 23. d4 Be7 24. Nd6 Nxd6 25. exd6 Bf6 26. Nc2 g5 27. Rxb6 g4 28. Bxg4 Rg7 29. Bf3 Bc8 30. Rab1 Qg5 31. Rxc6 dxc6 32. Bxc6 Bb7 33. Qxe6+ Kh8 34. Rxb7 Rxb7 35. Bxb7 Rb8 36. Ne1 Qg7 37. d7 a5 38. Bc8 h5 39. d5 Bxc3 40. d8=Q+ 1-0

[Event "Turkish Cup 2024"]
[Site "Denizli"]
[Date "2024.07.31"]
[Round "2"]
[White "Kirilmaz, Emre"]
[Black "Ceylan, Enes Arda"]
[Result "0-1"]
[ECO "A45"]
[WhiteElo "2223"]
[BlackElo "1783"]
[Annotator "RC"]
[PlyCount "110"]
[EventDate "2024.08.01"]
[EventType "swiss"]
[EventCountry "TUR"]
[SourceTitle "playchess.com"]
[Source "ChessBase"]
[SourceQuality "1"]
[TimeControl "5400+30"]

1. d4 Nf6 2. Bg5 Ne4 3. Bf4 c5 4. f3 Qa5+ 5. c3 Nf6 6. d5 Qb6 7. b3 g6 8. e4 d6 9. Qd2 Bg7 10. Bh6 O-O 11. Bxg7 Kxg7 12. c4 e6 13. Nc3 exd5 14. exd5 Re8+ 15. Kf2 Na6 16. Nge2 Bd7 17. Ng3 Re5 18. f4 Re7 19. Be2 Rae8 20. Rhf1 h5 21. h4 Bg4 22. Bf3 Qa5 23. Qb2 Kg8 24. Nb5 Qd8 25. Qd2 Qd7 26. Nc3 Nc7 27. Qb2 Bxf3 28. gxf3 Re3 29. Kg2 Qe7 30. Nd1 Rd3 31. Nc3 Qe3 32. Rf2 Rxc3 33. Nf1 Qd4 34. Rd2 Rd3 35. Qxd4 Rxd4 36. Kf2 Rxd2+ 37. Nxd2 b5 38. cxb5 Ncxd5 39. Nc4 Nxf4 40. Nxd6 Re2+ 41. Kg1 N6d5 42. Ne4 Rg2+ 43. Kh1 Ne3 44. Re1 Ne2 45. Rf1 f5 46. Rf2 Rg1+ 47. Kh2 Nf1+ 48. Rxf1 Rxf1 49. Nxc5 Rxf3 50. a4 Rf2+ 51. Kh1 f4 52. a5 Ng3+ 53. Kg1 Rd2 54. b6 f3 55. b7 Rg2# 0-1

[Event "Turkish Cup 2024"]
[Site "Denizli"]
[Date "2024.07.31"]
[Round "2"]
[White "Yildiz, Serdar Murat"]
[Black "Ersin, Deniz"]
[Result "1/2-1/2"]
[ECO "B09"]
[WhiteElo "2182"]
[BlackElo "1648"]
[Annotator "RC"]
[PlyCount "138"]
[EventDate "2024.08.01"]
[EventType "swiss"]
[EventCountry "TUR"]
[SourceTitle "playchess.com"]
[Source "ChessBase"]
[SourceQuality "1"]
[TimeControl "5400+30"]

1. e4 d6 2. d4 Nf6 3. Nc3 g6 4. f4 Bg7 5. Nf3 c5 6. Bb5+ Bd7 7. e5 Ng4 8. e6 fxe6 9. Ng5 Bxb5 10. Nxb5 Qa5+ 11. c3 Qxb5 12. Nxe6 Qd7 13. Qxg4 Bf6 14. f5 Rg8 15. dxc5 Kf7 16. Ng5+ Kg7 17. O-O Nc6 18. Nxh7 Ne5 19. Nxf6 exf6 20. Qd4 dxc5 21. Qxc5 b6 22. Qd4 Qxd4+ 23. cxd4 Nc6 24. Be3 Rad8 25. Rac1 Rc8 26. fxg6 Kxg6 27. Rf3 Nb4 28. Rcf1 Nd5 29. Rg3+ Kf7 30. Rxg8 Kxg8 31. Rc1 Re8 32. Bd2 Re4 33. Bc3 b5 34. a3 Re2 35. Kf1 Nxc3 36. Rxc3 Rxb2 37. Rc8+ Kf7 38. Rc7+ Ke6 39. Rxa7 b4 40. axb4 Rxb4 41. Ra6+ Kf5 42. Rd6 Rb2 43. h3 Kg5 44. Rd8 Kf4 45. Rf8 Kg5 46. Kg1 Rd2 47. Rd8 Kf4 48. Kh2 Kf5 49. Kg3 Ke6 50. Re8+ Kf5 51. Rd8 Ke6 52. d5+ Ke7 53. Ra8 Rxd5 54. Ra7+ Kf8 55. Kf4 Kg8 56. g4 Rb5 57. h4 Rc5 58. h5 Rb5 59. h6 Rg5 60. Rb7 Rg6 61. h7+ Kh8 62. Rf7 Rh6 63. Kf5 Rh4 64. g5 fxg5 65. Kg6 Rf4 66. Ra7 Rf8 67. Kxg5 Rb8 68. Rf7 Rb5+ 69. Kg6 Rb6+ 1/2-1/2

[Event "Turkish Cup 2024"]
[Site "Denizli"]
[Date "2024.07.31"]
[Round "2"]
[White "Topuz, Mirac Melih"]
[Black "Ulus, Ekin"]
[Result "1-0"]
[ECO "D13"]
[WhiteElo "2148"]
[BlackElo "1749"]
[Annotator "RC"]
[PlyCount "89"]
[EventDate "2024.08.01"]
[EventType "swiss"]
[EventCountry "TUR"]
[SourceTitle "playchess.com"]
[Source "ChessBase"]
[SourceQuality "1"]
[TimeControl "5400+30"]

1. d4 d5 2. c4 c6 3. Nf3 Nf6 4. Nc3 a6 5. cxd5 cxd5 6. Bf4 Nc6 7. Rc1 Bf5 8. e3 e6 9. Qb3 Ra7 10. Ne5 Nxe5 11. Bxe5 Nd7 12. Be2 h5 13. O-O h4 14. Qa4 Ra8 15. Bc7 Qxc7 16. Nb5 Qd8 17. Nc7+ Ke7 18. Nxa8 Qxa8 19. Rc7 e5 20. dxe5 Kd8 21. Rfc1 Qb8 22. Qa5 b6 23. Rc8+ Qxc8 24. Rxc8+ Kxc8 25. Bxa6+ Kd8 26. Qxd5 Be6 27. Qa8+ Ke7 28. a4 g6 29. Qc6 Bg7 30. Qd6+ Kd8 31. f4 Bf8 32. Qc6 Rh6 33. Qc8+ Ke7 34. Bc4 Bxc4 35. Qxc4 Bg7 36. b4 Rh8 37. Qc6 Rb8 38. a5 bxa5 39. bxa5 Rb1+ 40. Kf2 Ra1 41. a6 Ra2+ 42. Ke1 Bf8 43. Qb7 Ra1+ 44. Ke2 h3 45. gxh3 1-0

[Event "Turkish Cup 2024"]
[Site "Denizli"]
[Date "2024.07.31"]
[Round "2"]
[White "Metin, Enis"]
[Black "Lokman, Hilmi Merih"]
[Result "1-0"]
[ECO "B10"]
[WhiteElo "2142"]
[BlackElo "1728"]
[Annotator "RC"]
[PlyCount "77"]
[EventDate "2024.08.01"]
[EventType "swiss"]
[EventCountry "TUR"]
[SourceTitle "playchess.com"]
[Source "ChessBase"]
[SourceQuality "1"]
[TimeControl "5400+30"]

1. e4 c6 2. d3 d5 3. Nd2 e5 4. Ngf3 Bd6 5. d4 exd4 6. Bd3 Ne7 7. O-O O-O 8. exd5 Nxd5 9. Ne4 Bg4 10. h3 Bh5 11. g4 Bg6 12. Nxd4 Bxe4 13. Bxe4 Nf4 14. Qf3 Ng6 15. Nf5 Nh4 16. Qc3 Nxf5 17. Bxf5 Qc7 18. Be3 Be5 19. Qb3 Nd7 20. Rad1 Nf6 21. c4 Rfd8 22. Rxd8+ Rxd8 23. Bxa7 b5 24. Be3 bxc4 25. Qxc4 Bxb2 26. Rb1 Nd5 27. Bg5 Bf6 28. Bxf6 gxf6 29. Rd1 Qb7 30. Rc1 Ra8 31. Be4 Qb2 32. Rb1 Qxa2 33. Qxc6 Ra5 34. Rb8+ Kg7 35. Qc8 Qa1+ 36. Bb1 f5 37. g5 Kg6 38. Qxf5+ Kh5 39. Qg4# 1-0

[Event "Turkish Cup 2024"]
[Site "Denizli"]
[Date "2024.07.31"]
[Round "2"]
[White "Baylav, Can"]
[Black "Karaca, Mert"]
[Result "1-0"]
[ECO "C77"]
[WhiteElo "2086"]
[BlackElo "1770"]
[Annotator "ChessBase"]
[PlyCount "113"]
[EventDate "2024.08.01"]
[EventType "swiss"]
[EventCountry "TUR"]
[SourceTitle "playchess.com"]
[Source "ChessBase"]
[SourceQuality "1"]
[TimeControl "5400+30"]

1. e4 e5 2. Nf3 Nc6 3. Bb5 a6 4. Ba4 Nf6 5. d3 b5 6. Bb3 Bc5 7. c3 d6 8. h3 h6 9. O-O O-O 10. Re1 Re8 11. a4 Rb8 12. d4 exd4 13. cxd4 Bb4 14. Re2 Na5 15. Bc2 Bb7 16. d5 c6 17. dxc6 Bxc6 18. Bd2 bxa4 19. Bxa4 Bxd2 20. Nbxd2 Rxb2 21. Bxc6 Nxc6 22. Qc1 Rb6 23. Nc4 Rb4 24. Rxa6 Qb8 25. Nfd2 Nd4 26. Re1 d5 27. Nd6 Re6 28. e5 Ne4 29. N2xe4 Ne2+ 30. Rxe2 Rb1 31. Ra1 Rxc1+ 32. Rxc1 Kh7 33. Nc5 Re7 34. Nd3 f6 35. Nf5 Re6 36. Nd4 Re8 37. e6 Qb6 38. Nc5 Qb4 39. Ndb3 d4 40. Rd1 Qc4 41. Re4 Qc2 42. Rdxd4 Qb1+ 43. Kh2 f5 44. Re2 Qf1 45. Rdd2 f4 46. Nd4 Qc1 47. Nd3 Qc7 48. Nf3 Qd6 49. Re4 g5 50. Nb4 Qb8 51. Rd7+ Kg6 52. Ne5+ Kh5 53. Ng4 f3+ 54. g3 Qc8 55. Rg7 Rxe6 56. Nf6+ Rxf6 57. Rh4+ 1-0

[Event "Turkish Cup 2024"]
[Site "Denizli"]
[Date "2024.07.31"]
[Round "2"]
[White "Yilmaz, Turhan"]
[Black "Torcuk, Hasan Cinar"]
[Result "1-0"]
[ECO "B23"]
[WhiteElo "2015"]
[BlackElo "1657"]
[Annotator "RC"]
[PlyCount "63"]
[EventDate "2024.08.01"]
[EventType "swiss"]
[EventCountry "TUR"]
[SourceTitle "playchess.com"]
[Source "ChessBase"]
[SourceQuality "1"]
[TimeControl "5400+30"]

1. e4 c5 2. Nc3 Nc6 3. d3 d6 4. f4 g6 5. Be3 Bg7 6. Qd2 e6 7. h3 Rb8 8. Nd1 Nge7 9. c3 Qa5 10. g4 b5 11. Ne2 b4 12. Bg2 bxc3 13. bxc3 Ba6 14. Rc1 Qb5 15. Nf2 O-O 16. O-O f5 17. Rfd1 Rfd8 18. c4 Qb4 19. Rc2 e5 20. fxe5 Nxe5 21. gxf5 gxf5 22. Qc1 Rf8 23. Bg5 N7g6 24. Nf4 Nxf4 25. Bxf4 Bb7 26. Bh6 Rf6 27. Bxg7 Kxg7 28. Rb2 Qa5 29. Qg5+ Kf7 30. Qh5+ Kg8 31. Rdb1 Rg6 32. Rxb7 1-0

[Event "Turkish Cup 2024"]
[Site "Denizli"]
[Date "2024.07.31"]
[Round "2"]
[White "Akbas, Kaan"]
[Black "Acar, Ilhami"]
[Result "1-0"]
[ECO "B70"]
[WhiteElo "1990"]
[BlackElo "1667"]
[Annotator "RC"]
[PlyCount "41"]
[EventDate "2024.08.01"]
[EventType "swiss"]
[EventCountry "TUR"]
[SourceTitle "playchess.com"]
[Source "ChessBase"]
[SourceQuality "1"]
[TimeControl "5400+30"]

1. e4 c5 2. Nf3 d6 3. d4 cxd4 4. Nxd4 Nf6 5. Nc3 Nc6 6. Be2 g6 7. Bg5 Bg7 8. Nxc6 bxc6 9. e5 dxe5 10. Qxd8+ Kxd8 11. O-O-O+ Kc7 12. Bc4 Ng4 13. Bxe7 Nxf2 14. Bd6+ Kb6 15. Na4+ Ka5 16. b3 Be6 17. Bc7+ Kb4 18. a3+ Kxa3 19. Bd6+ Ka2 20. Nc3+ Ka1 21. Kd2+ 1-0

[Event "Turkish Cup 2024"]
[Site "Denizli"]
[Date "2024.07.31"]
[Round "2"]
[White "Ozgun, Yigit Deniz"]
[Black "Ugur, Cem"]
[Result "1-0"]
[ECO "D30"]
[WhiteElo "1973"]
[BlackElo "1687"]
[Annotator "RC"]
[PlyCount "123"]
[EventDate "2024.08.01"]
[EventType "swiss"]
[EventCountry "TUR"]
[SourceTitle "playchess.com"]
[Source "ChessBase"]
[SourceQuality "1"]
[TimeControl "5400+30"]

1. Nf3 d5 2. b3 Nf6 3. Bb2 e6 4. c4 c5 5. cxd5 exd5 6. g3 Be7 7. Bg2 O-O 8. d4 Nc6 9. O-O Ne4 10. dxc5 Bxc5 11. Nc3 Nxc3 12. Bxc3 d4 13. Bb2 Bf5 14. b4 Qb6 15. a3 a5 16. Nh4 Be6 17. bxc5 Qxb2 18. Qd3 Qc3 19. Qxc3 dxc3 20. Rac1 Nd4 21. Rfe1 Bc4 22. Bf1 c2 23. e3 Bxf1 24. Kxf1 Nb3 25. Rxc2 Rfc8 26. Rb1 Rxc5 27. Rxc5 Nxc5 28. Rb5 b6 29. Rxb6 a4 30. Nf5 Nb3 31. Rb4 Nc1 32. Ne7+ Kf8 33. Nd5 Rd8 34. e4 f5 35. Rxa4 fxe4 36. Ne3 Rd3 37. Rc4 Nb3 38. Rxe4 Rc3 39. Rf4+ Ke8 40. a4 Rc1+ 41. Kg2 Ra1 42. Rc4 Kd7 43. Rh4 Ke7 44. Rxh7 Kf6 45. Rh4 Nc5 46. Nd5+ Ke6 47. Nb6 Ra2 48. Rd4 Nb3 49. Re4+ Kf5 50. Rf4+ Ke6 51. h4 Nc5 52. Rd4 Nb3 53. Rg4 Kf6 54. Nd5+ Kf7 55. Nc3 Ra3 56. Ne4 Ra2 57. Rf4+ Kg6 58. Nc3 Ra3 59. Nd5 Nc5 60. Ne7+ Kh7 61. Rf5 Rxa4 62. Rh5# 1-0

[Event "Turkish Cup 2024"]
[Site "Denizli"]
[Date "2024.07.31"]
[Round "2"]
[White "Demirag, Gokhan"]
[Black "Uztetik, Ahmet Oguzhan"]
[Result "0-1"]
[ECO "E18"]
[WhiteElo "1938"]
[BlackElo "1629"]
[Annotator "ChessBase"]
[PlyCount "87"]
[EventDate "2024.08.01"]
[EventType "swiss"]
[EventCountry "TUR"]
[SourceTitle "playchess.com"]
[Source "ChessBase"]
[SourceQuality "1"]
[TimeControl "5400+30"]

1. Nf3 d5 2. g3 Nf6 3. Bg2 e6 4. O-O Be7 5. d4 O-O 6. c4 b6 7. cxd5 exd5 8. Nc3 Bb7 9. Ne5 Nbd7 10. Bf4 c6 11. Rc1 Nxe5 12. dxe5 Nd7 13. h4 Nc5 14. Qd2 Ne6 15. Rfd1 h6 16. Bh3 Qe8 17. Bxh6 gxh6 18. Qxh6 Ng7 19. Rd4 f5 20. g4 Bc5 21. Rf4 Qxe5 22. gxf5 Bd6 23. e3 Qf6 24. Qxf6 Rxf6 25. Rg4 Kf7 26. e4 d4 27. Ne2 c5 28. Bg2 Re8 29. Kf1 d3 30. Nc3 d2 31. Rd1 Nxf5 32. Kg1 Nh6 33. Rg5 Bf4 34. Rd5 Bxd5 35. Nxd5 Rf5 36. Bf3 Rxd5 37. exd5 Re1+ 38. Kg2 Nf5 39. Kh3 Kf6 40. Bh5 Ke5 41. Bg4 Kxd5 42. h5 Nd4 43. Kg2 Ne2 44. Ra1 0-1

[Event "Turkish Cup 2024"]
[Site "Denizli"]
[Date "2024.07.31"]
[Round "2"]
[White "Sezis, Doruk"]
[Black "Sabuncuogullari, Emre"]
[Result "1-0"]
[ECO "E71"]
[WhiteElo "1932"]
[BlackElo "1691"]
[Annotator "ChessBase"]
[PlyCount "119"]
[EventDate "2024.08.01"]
[EventType "swiss"]
[EventCountry "TUR"]
[SourceTitle "playchess.com"]
[Source "ChessBase"]
[SourceQuality "1"]
[TimeControl "5400+30"]

1. d4 Nf6 2. c4 g6 3. Nc3 Bg7 4. e4 d6 5. h3 O-O 6. Be3 e5 7. d5 Na6 8. Nge2 Nc5 9. Qc2 a5 10. g4 c6 11. Ng3 Qc7 12. f3 Bd7 13. h4 cxd5 14. cxd5 Rfc8 15. Qd2 a4 16. Rc1 Qa5 17. Be2 b5 18. O-O b4 19. Nd1 Bb5 20. Nf2 Bxe2 21. Nxe2 Nfd7 22. Rc4 b3 23. Qxa5 Rxa5 24. a3 f5 25. Rfc1 f4 26. Bd2 Raa8 27. Nc3 Rcb8 28. Rb4 Bf6 29. g5 Bd8 30. Rxb8 Rxb8 31. Kf1 h6 32. Ke2 h5 33. Nb1 Kf7 34. Bb4 Ke7 35. Nd2 Na6 36. Bc3 Ndc5 37. Nc4 Rb5 38. Be1 Kd7 39. Nd1 Bc7 40. Nc3 Rb8 41. Bf2 Bd8 42. Nd1 Rb5 43. Nd2 Bc7 44. Rc4 Bd8 45. Nc3 Ra5 46. Rb4 Nxb4 47. axb4 a3 48. bxa3 Rxa3 49. bxc5 Ba5 50. c6+ Kc8 51. Ncb1 Ra2 52. Kd3 Bxd2 53. Nxd2 b2 54. Nb1 Ra5 55. Kc2 Rb5 56. Be1 Rc5+ 57. Kxb2 Rb5+ 58. Kc2 Rc5+ 59. Nc3 Rc4 60. Bf2 1-0

[Event "Turkish Cup 2024"]
[Site "Denizli"]
[Date "2024.07.31"]
[Round "2"]
[White "Yardimci, Can"]
[Black "Gunasti, Latife Yade"]
[Result "1-0"]
[ECO "B07"]
[WhiteElo "1930"]
[BlackElo "1704"]
[Annotator "ChessBase"]
[PlyCount "69"]
[EventDate "2024.08.01"]
[EventType "swiss"]
[EventCountry "TUR"]
[SourceTitle "playchess.com"]
[Source "ChessBase"]
[SourceQuality "1"]
[TimeControl "5400+30"]

1. e4 d6 2. d4 Nf6 3. Nc3 e5 4. dxe5 dxe5 5. Qxd8+ Kxd8 6. Bc4 Ke8 7. Nf3 Bd6 8. Bg5 Nbd7 9. O-O-O a6 10. a4 h6 11. Bd2 Nc5 12. Rhe1 Bd7 13. a5 Bc6 14. Bd5 Ke7 15. Bxc6 bxc6 16. Nh4 g6 17. f4 Nfd7 18. Nf3 Ne6 19. f5 Nec5 20. g4 Rab8 21. h4 Rb7 22. b4 Rhb8 23. bxc5 Bxc5 24. Bxh6 Ba3+ 25. Kd2 Bb4 26. Re3 Rb5 27. fxg6 fxg6 28. Ke2 Rc5 29. Red3 Nf8 30. Rb1 Ne6 31. Bd2 Rxa5 32. Rxb4 Rxb4 33. Nd5+ Kf7 34. Nxb4 Rb5 35. Nxc6 1-0